 Dungeon Crawl Stone Soup version 0.27.1-33-g824d729ab1 (webtiles) character file.

Game seed: 5465264147378423213

7 comborobin the Sneak (level 2, 19/19 HPs)
             Began as a Kobold Delver on Dec 28, 2021.
             Quit the game on level 6 of the Dungeon.
             The game lasted 00:00:15 (17 turns).

comborobin the Sneak (Kobold Delver)                  Turns: 17, Time: 00:00:16

Health: 19/19      AC:  3    Str:  9    XL:     2   Next: 10%
Magic:  2/2        EV: 14    Int: 11    God:
Gold:   0          SH:  0    Dex: 16    Spells: 1/1 levels left

rFire    . . .     SeeInvis .   a - +0 short sword
rCold    . . .     Faith    .   (shield restricted)
rNeg     . . .     Spirit   .   b - +0 leather armour
rPois    .         Reflect  .   (no helmet)
rElec    .         Harm     .   (no cloak)
rCorr    .         Rampage  .   (no gloves)
Will     .....                  (no boots)
Stlth    ++++......             (no amulet)
HPRegen  0.06/turn              (no ring)
MPRegen  0.08/turn              (no ring)

@: no status effects
A: small, no large weapons, nightstalker 3
a: no special abilities


You were on level 6 of the Dungeon.
You visited 1 branch of the dungeon, and saw 2 of its levels.

Inventory:

Hand Weapons
 a - a +0 short sword (weapon)
Armour
 b - a +0 leather armour (worn)
Wands
 g - a wand of digging (3)
Scrolls
 c - a scroll of fog
 e - a scroll of fear
 h - a scroll of teleportation {unknown}
Potions
 f - a potion of haste


   Skills:
 - Level 3.2 Fighting
 + Level 3.6 Short Blades
 - Level 2.4 Dodging
 - Level 6.6 Stealth


You had one spell level left.
You didn't know any spells.
Your spell library was empty.

Dungeon Overview and Level Annotations

Branches:
Dungeon (6/15)
 Temple: D:4-7

Altars:


Innate Abilities, Weirdness & Mutations

You are small and have problems with some larger weapons.
You are completely attuned to the shadows.


Message History

Welcome, comborobin the Kobold Delver.
Will you be the one to retrieve the legendary Orb of Zot from the depths?
Press ? for a list of commands and other information.
Found 20 gold pieces.
Found a stone staircase leading down.
Unknown command.
You climb downwards.
Found a scroll labelled SUX YFEBRI.
There is a stone staircase leading up here.
The helpless white imp fails to defend itself.
You impale the white imp!!
You kill the white imp!
Your Short Blades skill increases to level 3!
You have reached level 2!
There is a stone staircase leading up here.
h - a scroll labelled SUX YFEBRI
There is a stone staircase leading up here.
You climb upwards.
There is a stone staircase leading down here.
You climb downwards.
There is a stone staircase leading up here.
As you read the scroll of magic mapping, it crumbles to dust.
You feel aware of your surroundings.
You sensed 1 altar.
(D) Dungeon
Where to? (? - help)
Okay, then.
Unknown command.
Are you sure you want to abandon this character and quit the game? (Confirm with "yes".)

**** *,,,* *,**,,,**,* ,,* *,,,*
*,**,,,**,* *** *,,,*
**,*,,,*,*********
*******,,,*####*,**,**,* *>,,,,*
,,,,,,,,,,,....##,*,*,****,,,,,*
,,,,,,,,,,,.....#,***,*,,,,,,,,*
>,,,,,,,,,,.....##,*,**,**,,,,,*
*******,,,*.##...#,,,**,**,,,,,*
*,,,*,*#..@#*+**,,**,*****
*,,,#.###.##,,,*****,*
*,,,#......#,,,*****,*
*******,,,#####.##,⌠,*,,,,,******
,,,,,,,,,,* #.#*,8,*****,,,,,,,
,,,,,,,,,,* #..*,⌠,* *,*****,
,,,***,*,******###,,,*****,**,,,,
,,,,,,,,,* *,,,,,*,,,*,,,,,,,,**,
,,,*,,,,,***,******+******,*****,


There were no monsters in sight!

Vanquished Creatures
  A white imp (D:6)
1 creature vanquished.

Notes
Turn   | Place    | Note
-------+----------+-------------------------------------------
     0 | D:5      | comborobin the Kobold Delver began the quest for the Orb.
     0 | D:5      | Reached XP level 1. HP: 14/14 MP: 1/1
     5 | D:6      | Reached XP level 2. HP: 19/19 MP: 2/2
    17 | D:6      | Quit the game

Illustrated notes

Levels and vault maps discovered:
D:5:      layout_layer_cave, nicolae_ru_path_of_blood, nicolae_uskayaw_suspiria,
          amcnicky_altar_gilded, due_unseen_surprise, uniq_eustachio
D:6:      layout_loops_cross, old_standard_altar, grunt_decor_clamped,
          hangedman_decor_push, uniq_pikel, uniq_blork_the_orc

Skill      XL: |  1 |
---------------+----+-----
Short Blades   | 3 |  3.6
Fighting       | |  3.2
Dodging        | |  2.4
Stealth        | |  6.6

Action                   || total
-------------------------++-------
Melee: Short sword       ||     1
  Use: Scroll            ||     1
 Stab: Sleeping          ||     1
